 Dungeon Crawl Stone Soup version 0.30.1-11-g7821555f0a (webtiles) character file.

Game seed: 17340319407616999589

5 comborobin the Sneak (level 1, 0/19 HPs)
             Began as a Hill Orc Delver on Dec 24, 2023.
             Slain by an orc wizard
             ... wielding a +0 dagger
              (1 damage)
             ... on level 4 of the Dungeon.
             The game lasted 00:00:47 (237 turns).

comborobin the Sneak (Hill Orc Delver)               Turns: 237, Time: 00:00:47

Health: 0/19       AC:  5    Str: 14    XL:     1   Next: 80%
Magic:  1/1        EV: 10    Int: 10    God:
Gold:   10         SH:  0    Dex: 12    Spells: 0/0 levels left

rFire   . . .        a - +0 hand axe
rCold   . . .        (no shield)
rNeg    . . .        d - +0 ring mail
rPois   .            (no helmet)
rElec   .            (no cloak)
rCorr   .            (no gloves)
SInv    .            (no boots)
Will    .....        (no amulet)
Stlth   ++           (no ring)
HPRegen 0.23/turn    (no ring)
MPRegen 0.07/turn

%: no passive effects
@: hasted, very quick
A: no striking features
a: no special abilities


You were on level 4 of the Dungeon.
You visited 1 branch of the dungeon, and saw 3 of its levels.

You collected 10 gold pieces.

Inventory:

Hand Weapons
 a - a +0 hand axe (weapon)
Armour
 b - a +0 leather armour
 d - a +0 ring mail (worn)
Wands
 g - a wand of digging (3)
Scrolls
 c - a scroll of fog


   Skills:
 - Level 3.6 Fighting
 + Level 3.4 Axes
 - Level 1.5 Dodging
 - Level 4.1 Stealth


You couldn't memorise any spells.
You didn't know any spells.
Your spell library was empty.

Dungeon Overview and Level Annotations

Branches:
Dungeon (6/15)
 Temple: D:4-7

Altars:


Message History

You escape the ball python's grasp.
The ball python attacks as you move away!
The ball python closely misses you.
You hit the ball python.
The ball python is heavily wounded.
The ball python bites you but does no damage.
The ball python grabs you. The ball python constricts you.
You closely miss the ball python.
The ball python is heavily wounded.
The ball python barely misses you. The ball python constricts you.
The ball python bites you. The ball python constricts you.
You hit the ball python.
The ball python is severely wounded.
The ball python bites you. The ball python constricts you.
You hit the ball python.
You kill the ball python!
Something hits you but does no damage.
You see here a ball python corpse.
Something hits you.
Found a stone staircase leading down.
Something hits you but does no damage.
You barely miss something.
You hear some strange, mumbled words.
You are confused.
Something hits you.
* * * LOW HITPOINT WARNING * * *
You barely miss something. Something hits you but does no damage.
You barely miss something. Something hits you but does no damage.
Unknown command.
You feel yourself speed up. Something hits you but does no damage.
You bump into the rock wall.
You bump into the rock wall.
Something hits you but does no damage.
You bump into the rock wall.
Something hits you.
* * * LOW HITPOINT WARNING * * *
You bump into the rock wall.
You completely miss something.
You feel less confused. Something hits you.
* * * LOW HITPOINT WARNING * * *
You miss something. Something hits you.
You die...

.# #.##### ####K#
#.# ###....# #{#
#......#####.#
#.#.##.......#
#†#.##.....[######
#o#o####........$.
#{#.#####...######
#@#...o....##
#.#######.## #.#
.... ... ......#
... .......# .....
#.......# ....>
#.......#
#.....##.......#


You could see an orc.

Vanquished Creatures
  2 orcs (D:4)
  A ball python (D:4)
3 creatures vanquished.

Notes
Turn   | Place    | Note
-------+----------+-------------------------------------------
     0 | D:5      | comborobin the Hill Orc Delver began the quest for the Orb.
     0 | D:5      | Reached XP level 1. HP: 19/19 MP: 1/1
    70 | D:5      | Noticed a scorpion
   170 | D:4      | Noticed an orc wizard
   237 | D:4      | Slain by an orc wizard

Illustrated notes

Levels and vault maps discovered:
D:4:      layout_loops_cross
D:5:      layout_loops_ring
D:6:      layout_loops_ring, jmf_multi_god_temple, minmay_temple_entry_wispy,
          serial_shops, shop, glass_columns_a

Skill      XL: |  1 |
---------------+----+-----
Axes           | 3 |  3.4
Fighting       | |  3.6
Dodging        | |  1.5
Stealth        | |  4.1

Action                     || total
---------------------------++-------
  Melee: Hand axe          ||    21
    Use: Scroll            ||     2
         Potion            ||     2
 Armour: Ring mail         ||    11
  Dodge: Dodged            ||    19
